 Dungeon Crawl Stone Soup version 0.21.1-1-g345015f (webtiles) character file.

1518 Solrac the Slasher (level 8, -1/71 HPs)
             Began as a Minotaur Fighter on Feb 16, 2018.
             Was a Follower of the Shining One.
             Shot with an arrow by a centaur (8 damage)
             ... on level 7 of the Dungeon.
             The game lasted 00:50:09 (6367 turns).

Solrac the Slasher (Minotaur Fighter)               Turns: 6367, Time: 00:50:10

Health: -1/71      AC:  9    Str: 22    XL:     8   Next: 54%
Magic:  7/7        EV:  8    Int:  5    God:    the Shining One [*.....]
Gold:   358        SH: 10    Dex: 11    Spells: 7/7 levels left

rFire    . . .     SeeInvis +   a - +0 long sword
rCold    . . .     Gourm    .   c - +0 shield
rNeg     . . .     Faith    .   r - +0 chain mail
rPois    .         Spirit   .   (helmet restricted)
rElec    .         Reflect  .   (no cloak)
rCorr    .         Harm     .   (no gloves)
MR       .....     Rnd*Tele +   (no boots)
Stlth    ..........             (no amulet)
HPRegen  0.21/turn              t - ring of see invisible
MPRegen  0.10/turn              s - ring of teleportation (curse)

@: very slightly contaminated, glowing, drained
A: retaliatory headbutt, horns 2
a: Renounce Religion


You were on level 7 of the Dungeon.
You worshipped the Shining One.
The Shining One was aware of your devotion.
You were not hungry.

You visited 2 branches of the dungeon, and saw 8 of its levels.

You collected 358 gold pieces.

Inventory:

Hand Weapons
 a - a +0 long sword (weapon)
 e - a +0 whip
 g - a +0 hand axe
 o - a +3 flail
 D - a +0 long sword
 J - a +1 spear
 M - a +0 trident
 R - a +0 hunting sling
Missiles
 h - a throwing net (quivered)
 l - 21 sling bullets
 v - 235 stones
 w - 3 needles of paralysis
 B - 36 poisoned needles
 N - 47 arrows
 Z - 18 bolts
Armour
 b - a +0 scale mail
 c - a +0 shield (worn)
 i - a +0 ring mail
 k - a +0 robe
 q - a +1 leather armour of cold resistance
 r - a +0 chain mail (worn)
 u - a +0 robe
 A - a +1 leather armour of poison resistance
 C - a +1 ring mail
 H - a +0 ring mail
 L - a +0 scale mail
 V - a +0 scale mail
Magical Staves
 E - an uncursed staff of fire {unknown}
Jewellery
 j - an uncursed ring of wizardry
 s - a cursed ring of teleportation (right hand)
 t - a ring of see invisible (left hand)
 y - an uncursed ring of protection from cold {unknown}
Wands
 x - a wand of paralysis (14)
 G - a wand of flame (29)
 T - a wand of polymorph (1)
Scrolls
 m - 10 scrolls of identify
 p - 2 scrolls of amnesia
 S - 4 scrolls of teleportation
Potions
 d - a potion of might
 f - a potion of ambrosia {unknown}
 n - 2 potions of degeneration {unknown}
 F - a potion of flight {unknown}
 K - 2 potions of heal wounds {unknown}
 Q - 2 potions of agility {unknown}
 W - 2 potions of invisibility {unknown}
 X - 3 potions of lignification {unknown}
Books
 I - a book of Minor Magic

   Spells                             Type                      Level
   a - Magic Dart                     Conjuration                  1
   b - Blink                          Translocation                2
   c - Call Imp                       Summoning                    2
   d - Slow                           Hexes                        2
   e - Conjure Flame                  Conjuration/Fire             3
   f - Mephitic Cloud                 Conjuration/Poison/Air       3
Comestibles
 z - 5 chunks of flesh
 U - 2 rations


   Skills:
 + Level 6.3(6.1) Fighting
 + Level 7.6(7.3) Long Blades
 + Level 5.7(5.4) Armour
 + Level 4.2(3.9) Dodging
 + Level 1.3(1.0) Stealth
 + Level 6.6(6.3) Shields
 + Level 1.3(1.1) Unarmed Combat


You had 7 spell levels left.
You didn't know any spells.

Dungeon Overview and Level Annotations

Branches:
Dungeon (7/15)             Temple (1/1) D:5

Altars:
Ashenzari
Cheibriados
Dithmenos
Elyvilon
Fedhas
Gozag
Hepliaklqana
Kikubaaqudgha
Okawaru
Qazlal
Ru
Sif Muna
Uskayaw
Vehumet
Wu Jian
Yredelemnul
Zin
The Shining One


Innate Abilities, Weirdness & Mutations

You reflexively headbutt those who attack you in melee.
You have a pair of horns on your head.


Message History

The centaur wields a shortbow.
The centaur shoots an arrow.
The arrow hits you.
* * * LOW HITPOINT WARNING * * *
The centaur shoots an arrow.
You block the arrow.
The centaur shoots an arrow.
You block the arrow.
You see here an arrow.
Put on which piece of jewellery? (? for menu, Esc to quit)
Okay, then.
Okay, then.
The centaur shoots an arrow.
The arrow hits you.
* * * LOW HITPOINT WARNING * * *
The centaur shoots an arrow.
The arrow hits you.
* * * LOW HITPOINT WARNING * * *
You see here 2 arrows.
The centaur shoots an arrow.
The arrow barely misses you.
You see here an arrow.
The centaur shoots an arrow.
You block the arrow.
The centaur shoots an arrow.
The arrow barely misses you.
You see here 2 arrows.
The centaur shoots an arrow.
The arrow hits you!
You die...

. .. .. ... # #.
..#$# #.. .?.
##...#########.#
./......>.##...#####
........รท.[)<.......
...>.....)##.....###
.#....######@#.#.#
#.... #(#.# # #...
#(# . #... #.# .. #..
####(##..# ...
#.(Y.c...# #.#####.##
.##.###.#### ..
...........# ##


You could see a yak and a centaur.

Vanquished Creatures
  Menkaure (D:6)
  A sky beast (D:5)
  A phantom (D:4)
  An ogre (D:5)
  A scorpion (D:5)
  3 killer bees (D:7)
  4 wights (D:7)
  2 crimson imps (D:5)
  2 jellies (D:5)
  4 hounds
  4 orc wizards
  2 orc priests
  Ijyb (D:5)
  3 worker ants
  2 hound skeletons
  13 adders
  2 shadow imps
  An ooze (D:2)
  An adder skeleton (D:4)
  4 worms
  3 dart slugs
  3 leopard geckos
  11 orcs
  3 giant cockroaches
  4 goblins
  7 hobgoblins
  7 jackals
  5 kobolds
  A quokka (D:5)
  2 ball pythons (D:2)
  3 bats
  14 frilled lizards
  A leopard gecko zombie (D:5)
  5 rats
122 creatures vanquished.

Notes
Turn   | Place    | Note
-------+----------+-------------------------------------------
     0 | D:1      | Solrac the Minotaur Fighter began the quest for the Orb.
     0 | D:1      | Reached XP level 1. HP: 19/19 MP: 0/0
   515 | D:1      | Reached XP level 2. HP: 27/27 MP: 1/1
   878 | D:2      | Reached XP level 3. HP: 23/33 MP: 2/2
  1382 | D:2      | Reached XP level 4. HP: 32/40 MP: 3/3
  1391 | D:2      | Reached skill level 1 in Dodging
  1604 | D:2      | Found a stormy altar of Qazlal.
  1746 | D:2      | Reached skill level 3 in Long Blades
  2819 | D:3      | Reached skill level 5 in Shields
  3034 | D:4      | Noticed a phantom
  3066 | D:4      | Killed a phantom
  3066 | D:4      | Reached XP level 5. HP: 22/47 MP: 4/4
  3133 | D:4      | Reached skill level 4 in Long Blades
  3195 | D:4      | Reached XP level 6. HP: 37/53 MP: 5/5
  3411 | D:4      | Found a glowing golden altar of the Shining One.
  3411 | D:4      | Found a snail-covered altar of Cheibriados.
  3428 | D:4      | Became a worshipper of the Shining One
  3480 | D:4      | Found a shadowy altar of Dithmenos.
  4169 | D:5      | Entered Level 5 of the Dungeon
  4177 | D:5      | Reached skill level 5 in Fighting
  4180 | D:5      | Reached skill level 5 in Long Blades
  4200 | D:5      | Noticed a dagger
  4202 | D:5      | Noticed a dagger
  4382 | D:5      | Found a deep blue altar of Sif Muna.
  4415 | D:5      | Reached XP level 7. HP: 61/61 MP: 6/6
  4482 | D:5      | Reached * piety under the Shining One
  4571 | D:5      | Found a hide-covered altar of Uskayaw.
  4650 | D:5      | Found a staircase to the Ecumenical Temple.
  4662 | Temple   | Entered the Ecumenical Temple
  4807 | D:5      | Reached skill level 1 in Stealth
  5026 | D:5      | Reached skill level 6 in Long Blades
  5065 | D:5      | Noticed Ijyb
  5109 | D:5      | Killed Ijyb
  5308 | D:5      | Reached skill level 5 in Armour
  6084 | D:6      | Noticed Menkaure
  6092 | D:6      | Killed Menkaure
  6092 | D:6      | Reached XP level 8. HP: 62/70 MP: 7/7
  6116 | D:6      | Reached skill level 7 in Long Blades
  6116 | D:6      | Reached skill level 1 in Unarmed Combat
  6367 | D:7      | Shot with an arrow by a centaur

Skill      XL: |  1  2  3  4  5  6  7  8 |
---------------+-------------------------+-----
Fighting       | 4 5 6 |  6.3
Armour         | 4 5 |  5.7
Shields        | 4 5 6 |  6.6
Dodging        | 2 3 4 |  4.2
Long Blades    | 3 4 5 6 7 |  7.6
Stealth        | 1 |  1.3
Unarmed Combat | 1 |  1.3

Action                   |  1- 3 |  4- 6 |  7- 9 || total
-------------------------+-------+-------+-------++-------
Melee: Long sword        |    68 |   149 |   127 ||   344
       Headbutt          |    15 |    17 |    23 ||    55
       Unarmed           |       |       |    34 ||    34
  Use: Scroll            |     6 |     1 |     5 ||    12
       Potion            |     1 |       |     3 ||     4
  Eat: Chunk             |     1 |     3 |     1 ||     5
       Ration            |       |     2 |     2 ||     4
Armor: Ring mail         |    22 |       |    33 ||    55
       Leather armour    |    17 |    43 |       ||    60
       Chain mail        |       |       |     2 ||     2
Dodge: Dodged            |    35 |    47 |    80 ||   162
Block: Shield            |    58 |    81 |    86 ||   225
       Rpst.: Long sword |     7 |    13 |    12 ||    32
